 Dungeon Crawl Stone Soup version 0.27.0-1-g7a089689b8 (webtiles) character file.

Game seed: 10241864513466936108

16014 gimp the Spear-Bearer (level 12, -12/68 HPs)
             Began as a Tengu Warper on Aug 7, 2021.
             Was a High Priest of Makhleb.
             Mangled by Urug (13 damage)
             ... on level 2 of the Lair of Beasts.
             The game lasted 00:30:01 (11728 turns).

gimp the Spear-Bearer (Tengu Warper)               Turns: 11728, Time: 00:30:02

Health: -12/68     AC:  6    Str: 13      XL:     12   Next: 33%
Magic:  34/34      EV: 14    Int: 23      God:    Makhleb [*****.]
Gold:   621        SH:  0    Dex: 13 (14) Spells: 13/27 levels left

rFire    + . .     SeeInvis .   a - +2 spear (venom)
rCold    . . .     Faith    .   (no shield)
rNeg     . . .     Spirit   .   x - +2 robe {rF+}
rPois    .         Reflect  .   (helmet restricted)
rElec    .         Harm     .   (no cloak)
rCorr    .         Rampage  .   s - +1 pair of gloves
Will     .....                  (boots unavailable)
Stlth    +.........             (no amulet)
HPRegen  1.21/turn              D - +6 ring of intelligence
MPRegen  0.24/turn              z - ring of magical power

@: about to teleport, flying quickly and evasively, very slightly contaminated,
invisible (expiring), quick
A: beak, talons 3, nimble flight, deterioration 1, passive freeze, regeneration
1, sturdy frame 1
a: Renounce Religion, Minor Destruction, Lesser Servant of Makhleb, Major
Destruction, Greater Servant of Makhleb


You were on level 2 of the Lair of Beasts.
You worshipped Makhleb.
Makhleb was extremely pleased with you.
You visited 2 branches of the dungeon, and saw 13 of its levels.

You collected 621 gold pieces.

Inventory:

Hand Weapons
 a - a +2 spear of venom (weapon)
Missiles
 d - 9 boomerangs of dispersal (quivered)
 u - a throwing net
 v - 16 boomerangs
Armour
 s - a +1 pair of gloves (worn)
 w - a +0 kite shield
 x - a +2 robe of fire resistance (worn)
 A - a +0 troll leather armour
Jewellery
 g - a +6 ring of dexterity
 z - a ring of magical power (right hand)
 D - a +6 ring of intelligence (left hand)
 F - a ring of resist corrosion
Wands
 b - a wand of paralysis (7)
 e - a wand of iceblast (9)
 q - a wand of flame (6)
 y - a wand of mindburst (8)
 B - a wand of acid (9)
Scrolls
 c - 2 scrolls of blinking
 h - 2 scrolls of enchant armour
 j - 5 scrolls of fog
 k - 3 scrolls of vulnerability
 m - 3 scrolls of enchant weapon
 o - a scroll of fear
 p - 4 scrolls of teleportation
 r - 2 scrolls of silence
 C - a scroll of magic mapping
 E - 2 scrolls of identify
 G - a scroll of amnesia
Potions
 f - a potion of ambrosia
 l - 5 potions of curing
 n - a potion of invisibility
 t - 4 potions of haste


   Skills:
 - Level 5.0 Fighting
 - Level 12.0 Polearms
 - Level 1.0 Throwing
 - Level 1.1 Armour
 - Level 2.1 Dodging
 + Level 8.2 Spellcasting
 - Level 10.0 Conjurations
 - Level 4.0 Summonings
 - Level 2.4 Translocations
 - Level 4.4 Fire Magic
 - Level 10.0 Air Magic
 + Level 4.9 Invocations


You had 13 spell levels left.
You knew the following spells:

 Your Spells              Type           Power      Damage    Failure   Level
a - Blink                 Tloc           N/A        N/A       3%          2
b - Foxfire               Conj/Fire      100%       2x1d9     1%          1
c - Searing Ray           Conj           100%       3d7       1%          2
d - Lightning Bolt        Conj/Air       26%        1d42      3%          5
e - Summon Lightning Spi  Summ/Air       41%        N/A       3%          4

Your spell library contained the following spells:

 Spells                   Type           Power      Damage    Failure   Level
 Magic Dart               Conj           100%       1d8       1%          1
 Shock                    Conj/Air       100%       1d9       1%          1
 Swiftness                Air            53%        N/A       1%          3
 Airstrike                Air            26%        N/A       1%          4
 Apportation              Tloc           40%        N/A       2%          1
 Pain                     Necr           36%        1d5       7%          1
 Gell's Gravitas          Tloc           10%        N/A       8%          3
 Lesser Beckoning         Tloc           10%        N/A       8%          3
 Teleport Other           Tloc           20%        N/A       8%          3
 Fulminant Prism          Conj/Hex       16%        3d11      9%          4
 Portal Projectile        Hex/Tloc       28%        N/A       12%         3
 Tukima's Dance           Hex            9%         N/A       21%         3
 Passage of Golubria      Tloc           N/A        N/A       26%         4
 Bolt of Magma            Conj/Fire/Erth 15%        4d9       26%         5
 Manifold Assault         Tloc           20%        N/A       56%         5
 Agony                    Necr           9%         N/A       88%         5
 Excruciating Wounds      Necr           4%         N/A       88%         5
 Yara's Violent Unravell  Hex/Tmut       4%         3d4       88%         5
 Malign Gateway           Summ/Tloc      12%        N/A       100%        7


Dungeon Overview and Level Annotations

Branches:
Dungeon (11/15)            Temple (0/1) D:5            Lair (2/6) D:9
    Orc (0/2) D:9
  Swamp: Lair:2-4    Shoals: Lair:2-4     Snake: Lair:2-4    Spider: Lair:2-4

Altars:
Ashenzari
Gozag
Hepliaklqana
Makhleb
Nemelex Xobeh
Ru
Zin
The Shining One
Beogh

Shops:
D:10 (==(

Annotations:
D:5 2 runed translucent doors, Mahakala's ghost, novice GrMo
D:10 exclusion: obsidian statue
Lair:2 Urug


Innate Abilities, Weirdness & Mutations

You have a beak for a mouth.
You have claws for feet.
Your magical nature lets you fly swiftly and evasively.
Your body sometimes deteriorates upon taking damage.
A frigid envelope surrounds you and freezes all who hurt you.
Your natural rate of healing is unusually fast.
Your movements are slightly less encumbered by armour. (ER -2)


Message History

Okay, then.
Unknown command.
You reach to attack!
The blink frog croaks.
You hit Urug but do no damage.
Urug is poisoned.
You reach to attack!
You hit Urug but do no damage.
Urug looks as sick as possible!
You hit Urug but do no damage.
Urug looks as sick as possible!
Urug is lightly wounded.
You hit Urug but do no damage.
Urug looks as sick as possible!
Your kick misses Urug.
Urug is lightly wounded.
Urug closely misses you.
You closely miss Urug. You claw Urug, but do no damage.
Urug is lightly wounded.
You catch the helpless Urug completely off-guard!
You hit Urug but do no damage. You claw Urug, but do no damage.
You peck Urug, but do no damage.
Urug is lightly wounded.
Urug hits you with a +5 eveningstar of freezing!!
Urug freezes you!
* * * LOW HITPOINT WARNING * * *
Urug is very cold.
Urug is moderately wounded.
You take 40 damage, and have 9/68 hp.
MASSIVE DAMAGE!!
The blink frog croaks.
Okay, then.
You feel better.
You regained 10 hp, and now have 22/68 hp.
A bullfrog comes into view.
Found a halberd.
You flicker for a moment.
Found 15 gold pieces.
As you read the scroll of teleportation, it crumbles to dust.
You feel strangely unstable.
Urug hits you with a +5 eveningstar of freezing!!
* * * LOW HITPOINT WARNING * * *
Your body deteriorates!
You feel clumsy. Urug freezes you!
You die...

##..F.....##
#...#
#P.........#
##.P
##.....F..##
P.#
##.##+FP## #
# #..##
#.F## ##F.#
###o####
#.@....#
#......#
#......#
.......#
....F.....
##P.....)##$
###P#####
###


You could see Urug (very poisoned), 3 blink frogs and 2 bullfrogs.

Vanquished Creatures
  A boulder beetle (D:11)
  A catoblepas (D:10)
  A two-headed ogre (D:10)
  Pikel (D:4)
  A deep elf pyromancer (D:11)
  A manticore (D:10)
  2 centaur zombies (D:11)
  A cane toad (Lair:1)
  A gargoyle (D:11)
  An unseen horror (D:10)
  Maggie (D:10)
  2 komodo dragons
  3 trolls
  3 polar bears
  7 blink frogs (Lair:2)
  A wyvern (D:8)
  A vampire (D:10)
  A basilisk (Lair:2)
  16 yaks
  Menkaure (D:4)
  5 water moccasins
  A sky beast (D:5)
  2 black bears
  Duvessa (D:7)
  6 orc warriors
  2 necrophages (D:4)
  3 ogres
  3 centaurs
  2 lemures (D:5)
  7 wolves (D:9)
  3 bullfrogs
  Blork the orc (D:4)
  Dowan (D:7)
  A wyvern skeleton (D:6)
  2 water moccasin skeletons
  5 killer bees (D:9)
  9 wights
  5 howler monkeys (D:8)
  An electric eel (D:9)
  7 hounds
  A bullfrog skeleton (D:6)
  A bullfrog zombie (D:6)
  2 jellies
  9 orc priests
  A gnoll shaman (D:8)
  4 iguanas
  9 orc wizards
  A killer bee zombie (D:7)
  2 hound zombies (D:5)
  A hound skeleton (D:5)
  A howler monkey zombie (D:9)
  5 adders
  7 gnolls
  A white imp (D:6)
  An ufetubus (D:7)
  A worm (D:2)
  4 dart slugs
  66 orcs
  6 ball pythons
  7 endoplasms
  3 giant cockroaches (D:1)
  2 goblins
  9 hobgoblins
  2 jackals (D:1)
  A kobold (D:4)
  7 quokkas
  3 bats
  5 frilled lizards
  4 rats
280 creatures vanquished.

Vanquished Creatures (others)
  A blink frog (Lair:2)
  3 fungi (Lair:2)
4 creatures vanquished.

Grand Total: 284 creatures vanquished

Notes
Turn   | Place    | Note
-------+----------+-------------------------------------------
     0 | D:1      | gimp the Tengu Warper began the quest for the Orb.
     0 | D:1      | Reached XP level 1. HP: 12/12 MP: 4/4
     7 | D:1      | Found a faded altar of an unknown god.
    15 | D:1      | Became a worshipper of Makhleb the Destroyer
    15 | D:1      | Reached * piety under Makhleb
   282 | D:1      | Reached XP level 2. HP: 17/17 MP: 6/6
   337 | D:1      | Reached skill level 3 in Polearms
   715 | D:1      | Reached XP level 3. HP: 14/22 MP: 7/7
   997 | D:2      | Reached ** piety under Makhleb
  1439 | D:1      | Learned a level 2 spell: Blink
  1756 | D:2      | Reached XP level 4. HP: 27/27 MP: 8/8
  1783 | D:2      | Reached skill level 4 in Polearms
  2625 | D:3      | Gained mutation: Your magical nature lets you fly swiftly
                  | and evasively. [Tengu growth]
  2625 | D:3      | Reached XP level 5. HP: 27/32 MP: 9/9
  2866 | D:4      | Noticed Menkaure
  2904 | D:4      | Noticed a lemure
  2905 | D:4      | Noticed a lemure
  2908 | D:4      | Noticed a lemure
  2909 | D:4      | Noticed Pikel
  2910 | D:4      | Noticed a lemure
  2911 | D:5      | Entered Level 5 of the Dungeon
  2914 | D:5      | Gained mutation: Your natural rate of healing is unusually
                  | fast. [potion of mutation]
  2914 | D:5      | Gained mutation: Your body sometimes deteriorates upon
                  | taking damage. [potion of mutation]
  2914 | D:5      | Gained mutation: Your movements are slightly less
                  | encumbered by armour. (ER -2) [potion of mutation]
  2914 | D:5      | Gained mutation: A frigid envelope surrounds you and
                  | freezes all who hurt you. [potion of mutation]
  2920 | D:5      | Killed a lemure
  2932 | D:5      | Killed a lemure
  2970 | D:5      | Noticed a black bear
  3004 | D:5      | Found a large runed translucent door.
  3004 | D:5      | Found a large runed translucent door.
  3005 | D:5      | Noticed Mahakala's ghost (novice GrMo)
  3059 | D:5      | Noticed a sky beast
  3075 | D:5      | Killed a sky beast
  3076 | D:5      | Reached skill level 5 in Polearms
  3076 | D:5      | Reached XP level 6. HP: 34/38 MP: 11/11
  3142 | D:5      | Killed a black bear
  3143 | D:5      | Reached skill level 6 in Polearms
  3143 | D:5      | Reached XP level 7. HP: 37/43 MP: 11/13
  3193 | D:5      | Found a staircase to the Ecumenical Temple.
  3251 | D:5      | You are sucked into a shaft and drop 3 floors!
  3252 | D:8      | Noticed a skeletal warrior
  3252 | D:8      | Noticed a skeletal warrior
  3252 | D:8      | Noticed a skeletal warrior
  3252 | D:8      | Noticed a skeletal warrior
  3252 | D:8      | Noticed a wyvern
  3252 | D:8      | Noticed a skeletal warrior
  3262 | D:8      | Identified a scroll of acquirement
  3262 | D:8      | Acquired the Collected Works on Igneous Displacement
  3561 | D:7      | Reached *** piety under Makhleb
  3648 | D:6      | Reached skill level 7 in Polearms
  3664 | D:5      | Learned a level 1 spell: Foxfire
  3667 | D:5      | Learned a level 2 spell: Searing Ray
  3704 | D:5      | Reached skill level 1 in Conjurations
  3704 | D:5      | Reached XP level 8. HP: 37/48 MP: 13/15
  3716 | D:5      | Reached skill level 1 in Fire Magic
  3869 | D:5      | Reached skill level 5 in Fighting
  4242 | D:4      | Killed Pikel
  4243 | D:4      | Reached skill level 8 in Polearms
  4243 | D:4      | Reached skill level 5 in Spellcasting
  4243 | D:4      | Reached XP level 9. HP: 54/54 MP: 15/17
  4421 | D:4      | Noticed Blork the orc
  4430 | D:4      | Killed Blork the orc
  4435 | D:4      | Killed Menkaure
  4907 | D:5      | Reached skill level 5 in Conjurations
  5220 | D:6      | Learned a level 5 spell: Lightning Bolt
  5225 | D:6      | Learned a level 4 spell: Summon Lightning Spire
  5456 | D:6      | Reached skill level 1 in Air Magic
  5525 | D:6      | Reached **** piety under Makhleb
  5832 | D:7      | Noticed Duvessa
  5833 | D:7      | Noticed Dowan
  6061 | D:7      | Killed Duvessa
  6074 | D:7      | Killed Dowan
  6555 | D:7      | Reached skill level 9 in Polearms
  6637 | D:7      | Reached XP level 10. HP: 59/59 MP: 20/20
  6799 | D:8      | Reached skill level 5 in Air Magic
  7382 | D:9      | Found a glowing golden altar of the Shining One.
  7387 | D:9      | Found a sacrificial altar of Ru.
  7388 | D:9      | Found a broken altar of Ashenzari.
  7471 | D:9      | Reached skill level 10 in Polearms
  7496 | D:9      | Found a staircase to the Orcish Mines.
  7617 | D:9      | Reached ***** piety under Makhleb
  7747 | D:9      | Found a staircase to the Lair.
  8137 | D:10     | Entered Level 10 of the Dungeon
  8234 | D:10     | Noticed a two-headed ogre
  8257 | D:10     | Killed a two-headed ogre
  8289 | D:10     | Killed an unseen horror
  8290 | D:10     | Reached XP level 11. HP: 40/63 MP: 21/21
  8338 | D:10     | Reached skill level 10 in Conjurations
  8424 | D:10     | Noticed Maggie
  8438 | D:10     | Killed Maggie
  8439 | D:10     | Reached skill level 11 in Polearms
  8500 | D:10     | Found Wuypeck's Antique Weapon Emporium.
  8527 | D:10     | Found Ozubituw's Jewellery Emporium.
  8527 | D:10     | Found Kirao's Jewellery Emporium.
  8528 | D:10     | Found Gaun's Weapon Emporium.
  8700 | D:10     | Noticed a catoblepas
  8702 | D:10     | Noticed a manticore
  8740 | D:10     | Killed a catoblepas
  8770 | D:10     | Killed a manticore
  8871 | D:10     | Noticed an obsidian statue
  9275 | D:10     | Found a sparkling altar of Nemelex Xobeh.
  9281 | D:10     | Found an opulent altar of Gozag.
  9285 | D:10     | Found a glowing silver altar of Zin.
  9663 | D:11     | Noticed a deep elf pyromancer
  9673 | D:11     | Killed a deep elf pyromancer
  9778 | D:11     | Reached skill level 10 in Air Magic
  9918 | D:11     | Found a hazy altar of Hepliaklqana.
 10029 | D:11     | Reached skill level 1 in Summonings
 10036 | D:11     | Reached skill level 12 in Polearms
 10153 | D:11     | Noticed a boulder beetle
 10166 | D:11     | Reached skill level 1 in Invocations
 10192 | D:11     | Killed a boulder beetle
 10376 | D:11     | Identified the +8 battleaxe of the Messenger {holy, Will+
                  | Str+2 Int+2}
 10485 | Lair:1   | Entered Level 1 of the Lair of Beasts
 10592 | Lair:1   | Reached XP level 12. HP: 58/68 MP: 23/23
 11711 | Lair:2   | Noticed Urug
 11728 | Lair:2   | HP: 1/68 [Urug (27)]
 11728 | Lair:2   | Mangled by Urug

Illustrated notes

Levels and vault maps discovered:
D:1:      dpeg_arrival_tiny_a, layout_basic, ebering_ecumenical_altar_box
D:2:      layout_rooms
D:3:      layout_basic, minivault_26
D:4:      minmay_angry_zag, layout_loops_corners, uniq_menkaure, uniq_pikel,
          uniq_blork_the_orc
D:5:      lemuel_ice_spiral_2, layout_basic, minmay_temple_entry_waves,
          ebering_ghost_disaster_area
D:6:      layout_rooms, dk_rats_in_the_wall
D:7:      layout_loops_ring, uniq_duvessa
D:8:      layout_loops_ring
D:9:      layout_small_grid, minitemple, erik_lair_island, david_orc_2
D:10:     nzn_motion_control, layout_loops_ring,
          minmay_overflow_temple_star_quad, special_room [special_room_orc],
          minivault_16, minmay_shop_grid_forest, uniq_harold, uniq_maggie
D:11:     layout_long_grid, nzn_hepliaklqana_mist_gate
Lair:1:   layout_small_grid, gammafunk_lair_bear_cave
Lair:2:   layout_roguey, gammafunk_ghost_grave, uniq_urug

Skill      XL: |  1  2  3  4  5  6  7  8  9 10 11 12 |
---------------+-------------------------------------+-----
Polearms       | 3 4 5 6 7 8 9 10 12 | 12.0
Fighting       | 3 4 5 |  5.0
Spellcasting   | 3 4 5 6 7 8 |  8.2
Conjurations   | 1 4 7 9 10 | 10.0
Fire Magic     | 3 4 |  4.4
Air Magic      | 4 8 10 | 10.0
Summonings     | 4 |  4.0
Invocations    | 3 4 |  4.9
Throwing       | |  1.0
Armour         | |  1.1
Dodging        | |  2.1
Translocations | |  2.4

Action                   |  1- 3 |  4- 6 |  7- 9 | 10-12 || total
-------------------------+-------+-------+-------+-------++-------
Melee: Spear             |   105 |   127 |   357 |   623 ||  1212
       Peck              |    17 |    23 |    54 |   118 ||   212
       Kick              |    23 |    38 |   101 |   189 ||   351
 Cast: Lightning Bolt    |       |       |       |     9 ||     9
       Blink             |       |       |       |     1 ||     1
       Summon Lightning  |       |       |       |     1 ||     1
Evoke: Wand              |       |       |    18 |    10 ||    28
  Use: Scroll            |     1 |     1 |    11 |     6 ||    19
       Potion            |       |     5 |       |     3 ||     8
 Stab: Distracted        |     1 |       |     1 |     2 ||     4
       Sleeping          |       |     5 |     3 |       ||     8
       Invisible         |       |       |       |     1 ||     1
Armor: Leather armour    |    13 |     9 |    18 |    13 ||    53
       Robe              |       |       |       |    62 ||    62
Dodge: Dodged            |    45 |    63 |   139 |   234 ||   481
